 Dungeon Crawl Stone Soup version 0.20-a0-214-gb74cb0e (webtiles) character file.

25398 Kidiri the Thaumaturge (level 12, -4/68 HPs)
             Began as a Deep Elf Fire Elementalist on Nov 4, 2016.
             Was a Priest of Vehumet.
             Splashed by an oklob plant's acid (16 damage)
             ... on level 3 of the Lair of Beasts on Nov 27, 2016.
             The game lasted 00:59:19 (21291 turns).

Kidiri the Thaumaturge (DEFE)                      Turns: 21291, Time: 00:59:21

Health: -4/68      AC:  7    Str:  5    XL:     12   Next: 89%
Magic:  26/40      EV: 17    Int: 30    God:    Vehumet [***...]
Gold:   913        SH:  0    Dex: 19    Spells: 3/38 levels left

rFire  . . .     SeeInvis .     r - +6 short sword
rCold  + . .     Gourm    .     d - +2 leather armour {rPois}
rNeg   . . .     Faith    .     (no shield)
rPois  +         Spirit   .     (helmet restricted)
rElec  .         Reflect  .     v - +2 cloak {MR+}
rCorr  .         Harm     .     K - +1 pair of gloves
MR     +++..                    s - +1 pair of boots
Stlth  +++.......               (no amulet)
                                u - +4 ring of intelligence
                                L - ring of magical power

@: corroded
A: antennae 1, thin skeletal structure 1, agile 1, cold resistance 1, deformed
body, magic resistance 1, evolution 2, MP-powered wands
a: Renounce Religion


You were on level 3 of the Lair of Beasts.
You worshipped Vehumet.
Vehumet was most pleased with you.
You were very full.

You visited 3 branches of the dungeon, and saw 14 of its levels.
You also visited: Ice Cave.

You collected 1028 gold pieces.
You spent 115 gold pieces at shops.

Inventory:

Hand Weapons
 r - a +6 short sword (weapon)
Armour
 d - a +2 leather armour of poison resistance (worn)
 s - a +1 pair of boots (worn)
 v - a +2 cloak of magic resistance (worn)
 H - the +9 ice dragon scales "Wethrono" {*Contam rPois rF- rC++ rCorr Slay+5}
   (You found it in an ice cave)

   It affects your accuracy and damage with ranged weapons and melee attacks
   (+5).
   It makes you vulnerable to fire.
   It greatly protects you from cold.
   It protects you from poison.
   It causes magical contamination when unequipped.
   It protects you from acid and corrosion.
 K - a +1 pair of gloves (worn)
Jewellery
 k - an uncursed ring of positive energy
 u - a +4 ring of intelligence (right hand)
 L - a ring of magical power (left hand)
Wands
 b - a wand of lightning (15/15)
 p - a wand of enslavement (12/24)
 q - a wand of disintegration (5/24)
 B - a wand of flame (15/48)
 D - a wand of slowing (19/48)
 G - a wand of random effects (14/48)
 Q - a wand of lightning (3/15)
Scrolls
 g - 8 scrolls of remove curse
 n - a scroll of amnesia
 y - a scroll of blinking
 E - 2 scrolls of immolation
 N - a scroll of teleportation
 P - 2 scrolls of recharging
Potions
 a - 2 potions of heal wounds
 e - 2 potions of haste
 f - 2 potions of beneficial mutation {unknown}
 i - a potion of invisibility
 l - 5 potions of might
 m - 6 potions of curing
 o - 3 potions of cure mutation
 t - a potion of agility
 w - a potion of lignification
 x - 3 potions of flight
 z - a potion of resistance
 A - a potion of degeneration {unknown}
 J - 2 potions of berserk rage {unknown}
 M - 2 potions of ambrosia {unknown}
 O - a potion of cancellation {unknown}
Books
 F - a book of Clouds

   Spells                             Type                      Level
   a - Mephitic Cloud                 Conjuration/Poison/Air       3
   b - Conjure Flame                  Conjuration/Fire             3
   c - Poisonous Cloud                Conjuration/Poison/Air       5
   d - Freezing Cloud                 Conjuration/Ice/Air          6
   e - Ring of Flames                 Charms/Fire                  7
 I - a book of Geomancy

   Spells                             Type                      Level
   a - Sandblast                      Earth                        1
   b - Passwall                       Transmutation/Earth          2
   c - Stone Arrow                    Conjuration/Earth            3
   d - Petrify                        Transmutation/Earth          4
   e - Lee's Rapid Deconstruction     Earth                        5
Comestibles
 c - 8 bread rations
 h - 5 meat rations
 j - 8 royal jellies


   Skills:
 + Level 5.5 Fighting
 + Level 6.2 Short Blades
 + Level 5.0 Armour
 + Level 8.1 Dodging
 - Level 2.4 Stealth
 * Level 13.7 Spellcasting
 + Level 8.1 Conjurations
 + Level 9.0 Fire Magic
 + Level 3.3 Ice Magic
 + Level 4.9 Air Magic
 + Level 4.5 Poison Magic
 + Level 7.0 Evocations


You had 3 spell levels left.
You knew the following spells:

 Your Spells              Type           Power        Failure   Level  Hunger
a - Flame Tongue          Conj/Fire      #####        1%          1    None
b - Throw Flame           Conj/Fire      ######       1%          2    None
c - Conjure Flame         Conj/Fire      ######..     1%          3    None
d - Inner Flame           Hex/Fire       #####...     1%          3    None
e - Sticky Flame          Conj/Fire      ######..     1%          4    None
f - Fireball              Conj/Fire      ######....   1%          5    None
g - Apportation           Tloc           ###.......   4%          1    None
h - Ring of Flames        Chrm/Fire      #####.....   100%        7    #####..
i - Mephitic Cloud        Conj/Pois/Air  ######..     1%          3    None
j - Poisonous Cloud       Conj/Pois/Air  ######....   3%          5    None
k - Freeze                Ice            ####         1%          1    None


Dungeon Overview and Level Annotations

Branches:
Dungeon (10/15)            Temple (1/1) D:6            Lair (3/6) D:8
 Shoals (0/4) Lair:2        Snake (0/4) Lair:3
    Orc: D:9-12

Altars:
Ashenzari
Cheibriados
Dithmenos
Elyvilon
Fedhas
Gozag
Hepliaklqana
Kikubaaqudgha
Makhleb
Nemelex Xobeh
Okawaru
Qazlal
Ru
Sif Muna
Trog
Uskayaw
Vehumet
Xom
Yredelemnul
Zin
The Shining One

Shops:
D:7 (   D:9 !

Portals:
Trove: D:10 (give +3 gold dragon scales)

Annotations:
Lair:3 exclusion: 2 oklob plants


Innate Abilities, Weirdness & Mutations

You have a pair of small antennae on your head.
You have a somewhat thin skeletal structure. (Dex +2, Stealth)
You are agile. (Dex +2)
Your flesh is cold resistant. (rC+)
Armour fits poorly on your strangely shaped body.
You are resistant to hostile enchantments. (MR+)
You rapidly evolve.
You expend magic power (3 MP) to strengthen your wands.


Message History

The splash of acid hits you!
You are splashed with acid!
The acid burns!
Casting: Throw Flame
Confirm with . or Enter, or press ? or * to list all spells.
Aiming: Throw Flame
Press: ? - help, Shift-Dir - straight line, f/p - oklob plant
Aim: an oklob plant (severely damaged)
The puff of flame hits the oklob plant.
The oklob plant is severely damaged.
Casting: Throw Flame
Confirm with . or Enter, or press ? or * to list all spells.
Aiming: Throw Flame
Press: ? - help, Shift-Dir - straight line, f/p - oklob plant
Aim: an oklob plant (severely damaged)
The puff of flame hits the oklob plant.
The oklob plant is almost destroyed.
The oklob plant spits acid at you. The splash of acid hits you!
* * * LOW HITPOINT WARNING * * *
You are splashed with acid!
The acid burns!
You die...

.....P####........#
....)'.P#........P#
.................##
......##....>.....#
#.######.#.......#### ###
###..##....#.# .##
##.....P#..# ..#
###.........##### ..##
#.......@.......# .|.#
##..............P#
...#####...............##
..'...........PPP.......#
..##.#..........P.......#*
..####......PP.P?........#
.#.# ##......PP.........##
#### #P......P.P[PP.....#*
# ###.....P$>PP.......*


You could see an oklob plant.

Vanquished Creatures
  The ghost of Nuatha the Cudgeler, a novice TrFi of Qazlal (D:8)
  The ghost of KristoblXynda the Unseen, a journeyman SpBe of Trog (D:10)
  An unseen horror (D:8)
  The ghost of anet the Conjurer, a novice HEFE of Ashenzari (D:7)
  An oklob plant (Lair:3)
  2 ugly things (IceCv)
  Joseph (Lair:1)
  3 ice statues (IceCv)
  A black mamba (Lair:2)
  3 spiny frogs
  A gargoyle (D:10)
  2 rime drakes
  2 komodo dragons (Lair:2)
  2 trolls
  A queen bee (D:8)
  A two-headed ogre (D:9)
  Grinder (D:5)
  3 blink frogs (Lair:2)
  5 dream sheep (Lair:2)
  9 hippogriffs
  A snapping turtle (Lair:2)
  A wraith (D:10)
  2 wyverns
  27 yaks
  A vampire (D:10)
  A basilisk (Lair:2)
  3 nagas (Lair:3)
  5 water moccasins
  4 porcupines
  3 sky beasts
  8 ice beasts
  2 black bears
  A phantom (D:9)
  2 orc warriors
  5 centaurs
  12 ogres
  14 wolves
  5 crocodiles
  2 big kobolds
  6 bullfrogs
  5 scorpions
  18 killer bees
  11 wights
  5 howler monkeys
  An electric eel (Lair:2)
  A crimson imp (D:9)
  A bullfrog zombie (D:7)
  5 hounds
  2 jellies (D:8)
  A bullfrog skeleton (D:6)
  5 orc priests
  10 orc wizards
  Crazy Yiuf (D:3)
  4 iguanas
  Natasha (thrice) (D:2)
  Terence (D:2)
  10 worker ants
  2 hound zombies
  A hound skeleton (D:4)
  A howler monkey zombie (D:6)
  A howler monkey skeleton (D:8)
  A worker ant zombie (D:10)
  16 adders
  8 gnolls
  3 shadow imps
  An ooze (D:2)
  4 adder skeletons
  2 worms
  2 dart slugs (D:3)
  5 leopard geckos
  50 orcs
  8 bats
  6 giant cockroaches
  9 goblins
  9 hobgoblins
  15 kobolds
  5 quokkas
  4 frilled lizards
  A jackal skeleton (D:6)
  A leopard gecko skeleton (D:5)
  9 rats
  3 bushes (Lair:3)
  A fungus (D:8)
  5 plants (Lair:3)
404 creatures vanquished.

Vanquished Creatures (others)
  An orc priest (D:9)
  2 kobolds (D:9)
  17 fungi
20 creatures vanquished.

Grand Total: 424 creatures vanquished

Notes
Turn   | Place    | Note
-------+----------+-------------------------------------------
     0 | D:1      | Kidiri the Deep Elf Fire Elementalist began the quest for the Orb.
     0 | D:1      | Reached XP level 1. HP: 10/10 MP: 6/6
   385 | D:1      | Reached XP level 2. HP: 15/15 MP: 5/8
   433 | D:1      | Learned a level 2 spell: Throw Flame
   704 | D:1      | Reached XP level 3. HP: 19/19 MP: 8/10
   741 | D:1      | Learned a level 3 spell: Conjure Flame
   745 | D:1      | Learned a level 3 spell: Inner Flame
  1060 | D:2      | Reached skill level 4 in Spellcasting
  1079 | D:2      | Found a glowing silver altar of Zin.
  1199 | D:2      | Found a burning altar of Makhleb.
  1279 | D:2      | Noticed Natasha
  1307 | D:2      | Killed Natasha
  1307 | D:2      | Reached XP level 4. HP: 6/24 MP: 5/12
  1734 | D:2      | Noticed Natasha
  1743 | D:2      | Killed Natasha
  1980 | D:2      | Noticed Natasha
  2034 | D:2      | Reached skill level 5 in Spellcasting
  2269 | D:2      | Noticed Terence
  2282 | D:2      | Killed Terence
  2282 | D:2      | Reached XP level 5. HP: 24/28 MP: 5/14
  2288 | D:2      | Learned a level 4 spell: Sticky Flame
  2685 | D:3      | Upgraded the game from 0.20-a0-16-g0876c8e to 0.20-a0-214-gb74cb0e
  3108 | D:3      | Found a faded altar of an unknown god.
  3469 | D:3      | Reached skill level 6 in Spellcasting
  3481 | D:3      | Reached XP level 6. HP: 24/32 MP: 3/17
  3705 | D:3      | Found a runed door.
  3743 | D:3      | Noticed Crazy Yiuf
  3749 | D:3      | Killed Crazy Yiuf
  3776 | D:3      | HP: 1/32 [poisoned by Crazy Yiuf]
  4135 | D:2      | Killed Natasha
  4262 | D:4      | Reached skill level 5 in Fire Magic
  4900 | D:4      | Reached skill level 7 in Spellcasting
  4900 | D:4      | Reached XP level 7. HP: 36/36 MP: 11/19
  4907 | D:4      | Learned a level 5 spell: Fireball
  4956 | D:4      | Learned a level 1 spell: Apportation
  5378 | D:5      | Entered Level 5 of the Dungeon
  5405 | D:5      | Reached skill level 1 in Short Blades
  5405 | D:5      | Reached skill level 1 in Evocations
  5415 | D:5      | Reached skill level 1 in Fighting
  5575 | D:5      | Reached skill level 1 in Armour
  5725 | D:5      | Reached skill level 8 in Spellcasting
  5725 | D:5      | Reached XP level 8. HP: 39/43 MP: 15/22
  5943 | D:5      | Noticed Grinder
  5948 | D:5      | Killed Grinder
  6590 | D:6      | Reached skill level 9 in Spellcasting
  6590 | D:6      | Reached skill level 5 in Conjurations
  6790 | D:6      | Noticed a hippogriff
  6795 | D:6      | Killed a hippogriff
  6949 | D:6      | Reached XP level 9. HP: 39/49 MP: 19/24
  7410 | D:6      | Found a staircase to the Ecumenical Temple.
  7432 | Temple   | Entered the Ecumenical Temple
  7927 | D:6      | Found a sacrificial altar of Ru.
  8147 | D:7      | Noticed anet's ghost (novice HEFE)
  8406 | D:7      | Found a shadowy altar of Dithmenos.
  8487 | D:7      | Reached skill level 5 in Dodging
  8634 | D:6      | Reached skill level 10 in Spellcasting
  9091 | D:7      | Found Fohech's Antique Weapon Boutique.
  9128 | D:7      | Learned a level 7 spell: Ring of Flames
  9307 | D:7      | Killed anet's ghost
 10082 | D:8      | Noticed a queen bee
 10091 | D:8      | Reached XP level 10. HP: 40/56 MP: 2/26
 10283 | D:8      | Noticed Nuatha's ghost (novice TrFi)
 10469 | D:8      | Killed Nuatha's ghost
 10653 | D:8      | Learned a level 3 spell: Mephitic Cloud
 10980 | D:8      | Reached skill level 11 in Spellcasting
 11080 | D:8      | Noticed an unseen horror
 11085 | D:8      | Killed an unseen horror
 11496 | D:8      | Found a staircase to the Lair.
 11632 | D:9      | Reached skill level 1 in Air Magic
 11796 | D:9      | Found a radiant altar of Vehumet.
 11806 | D:9      | Reached skill level 5 in Evocations
 11823 | D:9      | Became a worshipper of Vehumet
 12273 | D:9      | Found Gerchovi's Distillery.
 12281 | D:9      | Bought a potion of heal wounds for 55 gold pieces
 12281 | D:9      | Bought a potion of mutation for 27 gold pieces
 12281 | D:9      | Bought a potion of curing for 33 gold pieces
 12281 | D:9      | Gained mutation: You have a pair of small antennae on your head. [potion of mutation]
 12281 | D:9      | Gained mutation: Potions and wands are less effective at restoring your health. [potion of mutation]
 12281 | D:9      | Gained mutation: Your system is resistant to poisons. (rPois) [potion of mutation]
 12282 | D:9      | Gained mutation: Your magical capacity is low. (-10% MP) [potion of mutation]
 12282 | D:9      | Gained mutation: You evolve. [potion of mutation]
 12282 | D:9      | Gained mutation: You expend magic power (3 MP) to strengthen your wands. [potion of mutation]
 12283 | D:9      | Lost mutation: You expend magic power (3 MP) to strengthen your wands. [potion of mutation]
 12283 | D:9      | Lost mutation: Your system is resistant to poisons. (rPois) [potion of mutation]
 13294 | D:9      | Reached XP level 11. HP: 61/61 MP: 18/25
 13697 | D:10     | Entered Level 10 of the Dungeon
 13976 | D:10     | Found a sparkling altar of Nemelex Xobeh.
 14023 | D:10     | Lost mutation: Potions and wands are less effective at restoring your health. [evolution]
 14139 | D:10     | Noticed KristoblXynda's ghost (journeyman SpBe)
 14154 | D:10     | Killed KristoblXynda's ghost
 14154 | D:10     | Reached skill level 5 in Short Blades
 14318 | D:10     | Reached * piety under Vehumet
 14318 | D:10     | Offered knowledge of Sting by Vehumet.
 14600 | D:10     | Found a portal to a secret trove of treasure.
 14617 | D:10     | Reached skill level 12 in Spellcasting
 14828 | D:10     | Learned a level 5 spell: Poisonous Cloud
 15441 | Lair:1   | Entered Level 1 of the Lair of Beasts
 15651 | Lair:1   | Reached skill level 1 in Poison Magic
 15974 | Lair:1   | Reached ** piety under Vehumet
 15974 | Lair:1   | Offered knowledge of Freeze by Vehumet.
 15977 | Lair:1   | Learned a level 1 spell: Freeze
 16213 | Lair:1   | Noticed Joseph
 16223 | Lair:1   | Killed Joseph
 16881 | Lair:2   | Reached skill level 1 in Ice Magic
 17349 | Lair:2   | Reached skill level 5 in Fighting
 17349 | Lair:2   | Reached XP level 12. HP: 68/68 MP: 27/27
 17362 | Lair:2   | Gained mutation: Your flesh is cold resistant. (rC+) [evolution]
 17850 | Lair:2   | Reached skill level 13 in Spellcasting
 18655 | Lair:2   | Offered knowledge of Searing Ray by Vehumet.
 18812 | Lair:2   | Found a staircase to the Shoals.
 18948 | Lair:3   | Found a frozen archway.
 18958 | IceCv    | Entered an ice cave
 19053 | IceCv    | Reached *** piety under Vehumet
 19091 | IceCv    | Gained mutation: You are resistant to hostile enchantments. (MR+) [mutagenic meat]
 19092 | IceCv    | Gained mutation: You have a somewhat thin skeletal structure. (Dex +2, Stealth) [mutagenic meat]
 19325 | IceCv    | Gained mutation: You are agile. (Dex +2) [evolution]
 19521 | IceCv    | Lost mutation: Your magical capacity is low. (-10% MP) [mutagenic meat]
 19522 | IceCv    | Gained mutation: Armour fits poorly on your strangely shaped body. [mutagenic meat]
 19523 | IceCv    | Gained mutation: You expend magic power (3 MP) to strengthen your wands. [mutagenic meat]
 19585 | IceCv    | Got polished ice dragon scales
 19632 | Lair:3   | Identified the +9 ice dragon scales "Wethrono" {*Contam rPois rF- rC++ rCorr Slay+5} (You found it in an ice cave)
 20251 | Lair:3   | Reached skill level 5 in Armour
 20681 | Lair:3   | Found a staircase to the Snake Pit.
 21152 | Lair:3   | Gained mutation: You rapidly evolve. [evolution]
 21291 | Lair:3   | Splashed by an oklob plant's acid

Vault maps used:
D:1:      ncdulo_wetmaze, hangedman_abyss_or_decor_lesser_grid, st_stairs_1,
          minmay_misc_feat_more_columns, grunt_decor_mini_mirrors,
          minmay_misc_feat_chi, minmay_pentomino_q4
D:2:      minmay_diamond_boxcup, lemuel_round_altar, bloody_makhleb,
          uniq_terence, uniq_natasha
D:3:      ecumenical_altar_1, uniq_crazy_yiuf_cottage
D:4:      serial_park_tiny_1
D:5:      first_bread, uniq_grinder
D:6:      nicolae_ru_awakened_eye, minmay_three_doors
D:7:      lemuel_round_altar, serial_shops, shop
D:8:      lair_entry_dummy, david_nohive_1, minmay_gold_behind_fungi
D:9:      fiery_altar_vehumet, serial_shops, shop
D:10:     basic_altar, enter_trove_2
Temple:   eino_temple_rhombus
Lair:1:   infiniplex_staircase_pool, uniq_joseph
Lair:2:   minmay_shoals_entry_hut, lemuel_fruit_tree
Lair:3:   minmay_snake_entry_guardpost_medium, portal_ice_cave_entry_pillars_2,
          disabler_island
IceCv:    ice_cave_statue_garden_chambered

Skill      XL: |  1  2  3  4  5  6  7  8  9 10 11 12 |
---------------+-------------------------------------+-----
Conjurations   | 2 3 4 5 6 7 8 |  8.1
Spellcasting   | 4 5 6 7 8 9 10 11 12 13 | 13.7
Fire Magic     | 4 5 6 7 8 9 |  9.0
Short Blades   | 1 2 4 5 6 |  6.2
Evocations     | 1 2 4 5 6 7 |  7.0
Fighting       | 1 2 3 4 5 |  5.5
Armour         | 1 2 3 4 5 |  5.0
Dodging        | 3 4 5 6 7 8 |  8.1
Air Magic      | 1 3 4 |  4.9
Poison Magic   | 2 4 |  4.5
Ice Magic      | 1 3 |  3.3
Stealth        | |  2.4

Action                   |  1- 3 |  4- 6 |  7- 9 | 10-12 || total
-------------------------+-------+-------+-------+-------++-------
Melee: Unarmed           |     9 |       |       |       ||     9
       Dagger            |     9 |     5 |       |       ||    14
       Short sword       |       |     7 |    71 |   195 ||   273
 Cast: Flame Tongue      |    45 |    87 |   142 |   402 ||   676
       Throw Flame       |     5 |    53 |    81 |   105 ||   244
       Sticky Flame      |       |     2 |    18 |    79 ||    99
       Conjure Flame     |       |       |    12 |    25 ||    37
       Inner Flame       |       |       |     6 |    10 ||    16
       Fireball          |       |       |     1 |    25 ||    26
       Mephitic Cloud    |       |       |       |     1 ||     1
Evoke: Wand              |       |       |       |     3 ||     3
  Use: Scroll            |     2 |     7 |     7 |    11 ||    27
       Potion            |       |       |     1 |     4 ||     5
 Stab: Sleeping          |     2 |     5 |     4 |     3 ||    14
  Eat: Chunk             |     1 |    11 |    13 |    16 ||    41
       Fruit             |       |       |     2 |     6 ||     8
       Pizza             |       |       |     2 |       ||     2
       Beef jerky        |       |       |       |     8 ||     8
       Meat ration       |       |       |       |     1 ||     1
       Bread ration      |       |       |       |     2 ||     2
Armor: Leather armour    |    20 |    13 |    51 |    89 ||   173
Dodge: Dodged            |    26 |    35 |    89 |   196 ||   346
